 Dungeon Crawl Stone Soup version 0.22-a0-160-gcc81d7a (webtiles) character file.

4505 Azzok the Blocker (level 10, -5/82 HPs)
             Began as a Gnoll Fighter on Feb 10, 2018.
             Was an Elder of Okawaru.
             Slain by a death yak (20 damage)
             ... on level 8 of the Dungeon.
             The game lasted 00:16:48 (6955 turns).

Azzok the Blocker (Gnoll Fighter)                   Turns: 6955, Time: 00:16:49

Health: -5/82      AC: 20    Str: 23    XL:     10   Next: 39%
Magic:  16/17      EV: 13    Int: 12    God:    Okawaru [****..]
Gold:   33         SH: 14    Dex: 17    Spells: 19/19 levels left

rFire    . . .     SeeInvis .   a - +0 long sword
rCold    + . .     Gourm    .   c - +0 shield
rNeg     + . .     Faith    .   M - +0 plate armour
rPois    .         Spirit   .   D - +0 helmet
rElec    +         Reflect  .   j - +0 cloak
rCorr    .         Harm     .   (no gloves)
MR       .....                  R - +0 pair of boots "Umenow" {rN+ Dex+2} (curse)
Stlth    ..........             (no amulet)
HPRegen  0.23/turn              J - +3 ring of strength
MPRegen  0.15/turn              w - ring of Vehumet's Approval {rElec rC+}

@: heroism
A: distributed training, fangs 1, strong nose
a: Heroism, Renounce Religion


You were on level 8 of the Dungeon.
You worshipped Okawaru.
Okawaru was greatly pleased with you.
You were not hungry.

You visited 2 branches of the dungeon, and saw 9 of its levels.
You also visited: Ossuary.

You collected 327 gold pieces.
You spent 294 gold pieces at shops.

Inventory:

Hand Weapons
 a - a +0 long sword (weapon)
 g - a +3 quarterstaff of chaos
Armour
 c - a +0 shield (worn)
 j - a +0 cloak (worn)
 D - a +0 helmet (worn)
 M - a +0 plate armour (worn)
 R - the cursed +0 pair of boots "Umenow" (worn) {rN+ Dex+2}
   (You bought it in a shop on level 7 of the Dungeon)

   It affects your dexterity (+2).
   It protects you from negative energy.
   It has a curse placed upon it.
Jewellery
 h - a +3 ring of evasion
 w - the ring of Vehumet's Approval (right hand) {rElec rC+}
   (You found it on level 5 of the Dungeon)

   [ring of protection from cold]

   It protects you from cold.
   It insulates you from electricity.
 G - a +3 ring of evasion
 J - a +3 ring of strength (left hand)
 L - an uncursed ring of fire
Wands
 b - a wand of iceblast (6)
 u - a wand of digging (7)
 Q - a wand of paralysis (29)
Scrolls
 i - 2 scrolls of blinking {unknown}
 k - 5 scrolls of remove curse
 l - a scroll of enchant armour {unknown}
 m - 2 scrolls of teleportation {unknown}
 n - 7 scrolls of identify
 o - 4 scrolls of magic mapping {unknown}
 p - 2 scrolls of noise {unknown}
 s - a scroll of random uselessness {unknown}
 x - 4 scrolls of fog {unknown}
 y - a scroll of brand weapon {unknown}
 B - 2 scrolls of immolation {unknown}
 C - a scroll of amnesia {unknown}
 H - 5 scrolls of enchant weapon {unknown}
 I - 2 scrolls of fear {unknown}
 N - 2 scrolls of torment {unknown}
Potions
 d - a potion of haste {unknown}
 e - 4 potions of heal wounds {unknown}
 q - 2 potions of brilliance {unknown}
 r - 2 potions of cancellation {unknown}
 t - 2 potions of curing {unknown}
 v - 2 potions of degeneration {unknown}
 z - 4 potions of invisibility {unknown}
 A - 2 potions of flight {unknown}
 E - a potion of lignification {unknown}
 F - a potion of resistance {unknown}
 O - a potion of mutation {unknown}
Books
 K - a book of Flames

   Spells                             Type                      Level
   a - Flame Tongue                   Conjuration/Fire             1
   b - Throw Flame                    Conjuration/Fire             2
   c - Conjure Flame                  Conjuration/Fire             3
   d - Inner Flame                    Hexes/Fire                   3
   e - Sticky Flame                   Conjuration/Fire             4
   f - Fireball                       Conjuration/Fire             5
 S - a book of Callings

   Spells                             Type                      Level
   a - Summon Small Mammal            Summoning                    1
   b - Call Imp                       Summoning                    2
   c - Call Canine Familiar           Summoning                    3
   d - Summon Guardian Golem          Hexes/Summoning              3
   e - Summon Lightning Spire         Summoning/Air                4
   f - Summon Ice Beast               Ice/Summoning                4
Comestibles
 f - 18 rations
 P - 9 chunks of flesh


   Skills:
 + Level 8.4(13.4) Fighting
 + Level 5.1(10.1) Short Blades
 + Level 7.0(12.0) Long Blades
 + Level 5.1(10.1) Axes
 + Level 5.1(10.1) Maces & Flails
 + Level 5.1(10.1) Polearms
 + Level 5.1(10.1) Staves
 + Level 5.1(10.1) Slings
 + Level 5.1(10.1) Bows
 + Level 5.1(10.1) Crossbows
 + Level 5.1(10.1) Throwing
 + Level 8.4(13.4) Armour
 + Level 5.1(10.1) Dodging
 + Level 5.1(10.1) Stealth
 + Level 8.4(13.4) Shields
 + Level 5.1(10.1) Unarmed Combat
 + Level 5.1 Spellcasting
 + Level 4.2 Conjurations
 + Level 4.2 Hexes
 + Level 4.2 Charms
 + Level 4.2 Summonings
 + Level 4.2 Necromancy
 + Level 4.2 Translocations
 + Level 4.2 Transmutations
 + Level 4.2 Fire Magic
 + Level 4.2 Ice Magic
 + Level 4.2 Air Magic
 + Level 4.2 Earth Magic
 + Level 4.2 Poison Magic
 + Level 5.6 Invocations
 + Level 5.1 Evocations


You had 19 spell levels left.
You didn't know any spells.

Dungeon Overview and Level Annotations

Branches:
Dungeon (8/15)             Temple (1/1) D:4
   Lair: D:8-11

Altars:
Cheibriados
Dithmenos
Elyvilon
Hepliaklqana
Kikubaaqudgha
Makhleb
Okawaru
Qazlal
Sif Muna
Trog
Uskayaw
Vehumet
Wu Jian
Xom
Yredelemnul
Zin

Shops:
D:7 :*

Annotations:
D:2 2 transporters, Menkaure


Innate Abilities, Weirdness & Mutations

Your experience applies equally to all skills.
You have very sharp teeth.
Your uncanny sense of smell can sniff out nearby items.


Message History

The death yak is heavily wounded.
The death yak gores you.
You hit the death yak.
The death yak is heavily wounded.
You hit the death yak but do no damage.
The death yak is heavily wounded.
The death yak gores you!
* * * LOW HITPOINT WARNING * * *
You completely miss the death yak.
The death yak is heavily wounded.
You block the death yak's attack.
You hit the death yak. Your bite misses the death yak.
The death yak is heavily wounded.
The death yak gores you!
* * * LOW HITPOINT WARNING * * *
You hit the death yak.
You bite the death yak, but do no damage.
The death yak is heavily wounded.
The death yak gores you!!
You die...

▒········8····▒·▒▒·▒···▒▒ ▒▒▒▒
▒········_··▒▒▒·▒▒·▒··▒▒
▒▒··········▒▒▒·▒▒·▒··▒▒▒▒▒
▒▒···▒··▒▒·▒▒<·▒▒·▒······▒
············▒▒·▒▒·▒▒▒·▒(▒▒▒▒·▒
····≈··········▒▒·▒ ▒·▒†▒ ▒·▒
··≈≈≈≈······▒▒▒▒▒·▒ ▒[▒·▒ ▒·▒
·≈≈≈≈≈≈···YY▒▒▒▒▒·▒▒▒···▒ ▒·▒
·h≈≈≈≈≈···YYYYYY@·····▒▒▒ ▒·▒
··≈≈≈≈····YY▒▒▒▒▒·▒▒▒▒▒
▒▒▒·▒▒▒▒ ···≈≈≈······· ▒·▒
▒······· ··▒ ▒·(>···· ·▒·▒
▒▒······· ∆ ▒·▒·▒ ∆▒········ ·
··╬ ∆∆▒▒······· ·▒ ··▒
▒······· ▒·······


You could see a death yak and 9 yaks.

Vanquished Creatures
  The ghost of Dirtsage the Cleaver, a novice DsFi of Ru (D:6)
  3 hippogriffs (D:8)
  A yak (D:8)
  A wraith (Ossuary)
  2 basilisks (D:8)
  A water moccasin (D:6)
  Duvessa (D:7)
  A sky beast (D:5)
  2 black bears (D:7)
  An ice beast (D:8)
  2 phantoms
  An ogre (D:4)
  A crocodile (D:7)
  3 centaurs
  2 bullfrogs (D:7)
  Dowan (D:7)
  5 scorpions
  3 howler monkeys
  5 crimson imps
  4 hounds
  6 orc priests
  2 jellies (D:7)
  3 centaur skeletons
  Crazy Yiuf (D:2)
  4 orc wizards
  2 bullfrog skeletons
  2 human zombies (Ossuary)
  Terence (D:3)
  3 iguanas
  2 worker ants
  A big kobold zombie (Ossuary)
  3 mummies (Ossuary)
  A hound skeleton (D:7)
  4 gnolls (D:6)
  A howler monkey skeleton (D:8)
  A worker ant zombie (D:6)
  6 adders
  An ooze (D:3)
  An adder zombie (D:5)
  A worm (D:2)
  A dart slug (D:2)
  3 leopard geckos
  14 orcs
  2 ball pythons
  8 bats
  3 giant cockroaches
  11 goblins
  10 hobgoblins
  13 jackals
  4 quokkas
  2 frilled lizards
  3 goblin zombies (Ossuary)
  3 hobgoblin zombies (Ossuary)
  8 kobolds
  3 kobold zombies (Ossuary)
  A leopard gecko skeleton (D:5)
  A quokka skeleton (D:5)
  9 rats
186 creatures vanquished.

Vanquished Creatures (others)
  A human (D:6)
1 creature vanquished.

Grand Total: 187 creatures vanquished

Notes
Turn   | Place    | Note
-------+----------+-------------------------------------------
     0 | D:1      | Azzok the Gnoll Fighter began the quest for the Orb.
     0 | D:1      | Reached XP level 1. HP: 23/23 MP: 1/1
   211 | D:1      | Reached XP level 2. HP: 29/29 MP: 2/2
   926 | D:2      | Reached XP level 3. HP: 27/35 MP: 3/3
  1029 | D:2      | Reached skill level 1 in Invocations
  1067 | D:2      | Found a transporter.
  1075 | D:2      | Found a transporter.
  1077 | D:2      | Noticed a phantom
  1114 | D:2      | Found a basalt altar of Yredelemnul.
  1117 | D:2      | Noticed Menkaure
  1121 | D:2      | Found an ancient bone altar of Kikubaaqudgha.
  1207 | D:2      | Reached skill level 1 in Short Blades
  1207 | D:2      | Reached skill level 1 in Axes
  1207 | D:2      | Reached skill level 1 in Maces & Flails
  1207 | D:2      | Reached skill level 1 in Polearms
  1207 | D:2      | Reached skill level 1 in Staves
  1207 | D:2      | Reached skill level 1 in Slings
  1207 | D:2      | Reached skill level 1 in Bows
  1207 | D:2      | Reached skill level 1 in Crossbows
  1207 | D:2      | Reached skill level 1 in Throwing
  1207 | D:2      | Reached skill level 1 in Dodging
  1207 | D:2      | Reached skill level 1 in Stealth
  1207 | D:2      | Reached skill level 1 in Unarmed Combat
  1207 | D:2      | Reached skill level 1 in Spellcasting
  1207 | D:2      | Reached skill level 1 in Evocations
  1207 | D:2      | Reached XP level 4. HP: 36/41 MP: 5/5
  1223 | D:2      | Found a faded altar of an unknown god.
  1301 | D:2      | Found a stormy altar of Qazlal.
  1437 | D:2      | Found a runed door.
  1441 | D:2      | Noticed Crazy Yiuf
  1453 | D:2      | Killed Crazy Yiuf
  1453 | D:2      | Reached skill level 1 in Conjurations
  1453 | D:2      | Reached skill level 1 in Hexes
  1453 | D:2      | Reached skill level 1 in Charms
  1453 | D:2      | Reached skill level 1 in Summonings
  1453 | D:2      | Reached skill level 1 in Necromancy
  1453 | D:2      | Reached skill level 1 in Translocations
  1453 | D:2      | Reached skill level 1 in Transmutations
  1453 | D:2      | Reached skill level 1 in Fire Magic
  1453 | D:2      | Reached skill level 1 in Ice Magic
  1453 | D:2      | Reached skill level 1 in Air Magic
  1453 | D:2      | Reached skill level 1 in Earth Magic
  1453 | D:2      | Reached skill level 1 in Poison Magic
  1785 | D:3      | Reached XP level 5. HP: 47/47 MP: 5/7
  1958 | D:3      | Noticed Terence
  1976 | D:3      | Killed Terence
  2001 | D:3      | Reached XP level 6. HP: 53/53 MP: 8/8
  2425 | D:4      | Reached skill level 5 in Long Blades
  2633 | D:4      | Found a staircase to the Ecumenical Temple.
  2654 | D:4      | Reached XP level 7. HP: 59/59 MP: 10/10
  2662 | Temple   | Entered the Ecumenical Temple
  2693 | Temple   | Became a worshipper of Warmaster Okawaru
  2943 | D:5      | Entered Level 5 of the Dungeon
  3041 | D:5      | Got a flickering platinum ring
  3107 | D:5      | Identified the ring of Vehumet's Approval {rElec rC+} (You found it on level 5 of the Dungeon)
  3113 | D:5      | Found a deep blue altar of Sif Muna.
  3160 | D:5      | Reached * piety under Okawaru
  3174 | D:5      | Reached XP level 8. HP: 51/67 MP: 12/12
  4639 | D:6      | Noticed Dirtsage's ghost (novice DsFi)
  4664 | D:6      | Killed Dirtsage's ghost
  4664 | D:6      | Reached ** piety under Okawaru
  4664 | D:6      | Reached XP level 9. HP: 69/72 MP: 14/14
  4917 | D:6      | Found an ancient bone altar of Kikubaaqudgha.
  5420 | D:7      | Found a sand-covered staircase.
  5512 | D:7      | Noticed Duvessa
  5514 | D:7      | Noticed Dowan
  5537 | D:7      | Killed Duvessa
  5548 | D:7      | Killed Dowan
  5599 | Ossuary  | Entered an ossuary
  5949 | Ossuary  | Reached *** piety under Okawaru
  6029 | D:7      | Found a bloodstained altar of Trog.
  6086 | D:7      | Reached skill level 5 in Invocations
  6163 | D:7      | Found Weosaode's Assorted Antiques.
  6172 | D:7      | Bought a pair of warped boots for 294 gold pieces
  6172 | D:7      | Identified the cursed +0 pair of boots "Umenow" {rN+ Dex+2} (You bought it in a shop on level 7 of the Dungeon)
  6302 | D:7      | Found Bineepa's Book Shoppe.
  6429 | D:7      | Found a burning altar of Makhleb.
  6430 | D:7      | Found a radiant altar of Vehumet.
  6619 | D:8      | Found a hide-covered altar of Uskayaw.
  6619 | D:8      | Found an ornate altar of the Wu Jian Council.
  6637 | D:8      | Received a gift from Okawaru
  6637 | D:8      | Reached XP level 10. HP: 70/80 MP: 17/17
  6774 | D:8      | Reached skill level 5 in Short Blades
  6774 | D:8      | Reached skill level 5 in Axes
  6774 | D:8      | Reached skill level 5 in Maces & Flails
  6774 | D:8      | Reached skill level 5 in Polearms
  6774 | D:8      | Reached skill level 5 in Staves
  6774 | D:8      | Reached skill level 5 in Slings
  6774 | D:8      | Reached skill level 5 in Bows
  6774 | D:8      | Reached skill level 5 in Crossbows
  6774 | D:8      | Reached skill level 5 in Throwing
  6774 | D:8      | Reached skill level 5 in Dodging
  6774 | D:8      | Reached skill level 5 in Stealth
  6774 | D:8      | Reached skill level 5 in Unarmed Combat
  6774 | D:8      | Reached skill level 5 in Spellcasting
  6774 | D:8      | Reached skill level 5 in Evocations
  6842 | D:8      | Reached **** piety under Okawaru
  6858 | D:8      | Found a snail-covered altar of Cheibriados.
  6911 | D:8      | Received a gift from Okawaru
  6920 | D:8      | Noticed a death yak
  6955 | D:8      | Slain by a death yak

Vault maps used:
D:1:      tarquinn_simple_flora_water_b
D:2:      lemuel_doored_altar, gammafunk_temple_of_torment,
          chequers_ecumenical_altar_simple, uniq_crazy_yiuf_cottage
D:3:      minmay_misc_feat_square, minmay_box_of_dots, uniq_terence
D:4:      minmay_temple_entry_overgrown
D:5:      led_sif_book, first_ration, minmay_misc_feat_diagonals
D:6:      tgw_kikubaaqudgha
D:7:      grunt_temple_overflow_lords_of_destruction, trog_ov_bears_minmay,
          serial_shops, shop, shop, nicolae_ossuary_entry_false_entrances,
          uniq_menkaure, uniq_duvessa
D:8:      argonaut_augean_stables, chequers_temple_overflow_statue_of_worship,
          nicolae_overflow_crystal_walls, david_lair_generic, grunt_livestock,
          grunt_decor_cap
Temple:   jpeg_temple_clearing
Ossuary:  ossuary_kennysheep_city_of_the_dead

Skill      XL: |  1  2  3  4  5  6  7  8  9 10 |
---------------+-------------------------------+-----
Invocations    | 1 2 3 4 5 |  5.6
Short Blades   | 1 2 3 4 5 |  5.1
Axes           | 1 2 3 4 5 |  5.1
Maces & Flails | 1 2 3 4 5 |  5.1
Polearms       | 1 2 3 4 5 |  5.1
Staves         | 1 2 3 4 5 |  5.1
Slings         | 1 2 3 4 5 |  5.1
Bows           | 1 2 3 4 5 |  5.1
Crossbows      | 1 2 3 4 5 |  5.1
Throwing       | 1 2 3 4 5 |  5.1
Dodging        | 1 2 3 4 5 |  5.1
Stealth        | 1 2 3 4 5 |  5.1
Unarmed Combat | 1 2 3 4 5 |  5.1
Spellcasting   | 1 2 3 4 5 |  5.1
Evocations     | 1 2 3 4 5 |  5.1
Conjurations   | 1 2 3 4 |  4.2
Hexes          | 1 2 3 4 |  4.2
Charms         | 1 2 3 4 |  4.2
Summonings     | 1 2 3 4 |  4.2
Necromancy     | 1 2 3 4 |  4.2
Translocations | 1 2 3 4 |  4.2
Transmutations | 1 2 3 4 |  4.2
Fire Magic     | 1 2 3 4 |  4.2
Ice Magic      | 1 2 3 4 |  4.2
Air Magic      | 1 2 3 4 |  4.2
Earth Magic    | 1 2 3 4 |  4.2
Poison Magic   | 1 2 3 4 |  4.2
Long Blades    | 5 6 7 |  7.0
Fighting       | 7 8 |  8.4
Armour         | 7 8 |  8.4
Shields        | 7 8 |  8.4

Action                   |  1- 3 |  4- 6 |  7- 9 | 10-12 || total
-------------------------+-------+-------+-------+-------++-------
Melee: Long sword        |    89 |   180 |   470 |   102 ||   841
       Bite              |     7 |    22 |    76 |    13 ||   118
Invok: Heroism           |       |       |     2 |     1 ||     3
  Use: Scroll            |       |       |     5 |       ||     5
       Potion            |       |       |     1 |       ||     1
  Eat: Chunk             |     1 |     5 |    13 |     2 ||    21
Armor: Scale mail        |    37 |    17 |       |       ||    54
       Chain mail        |       |    26 |   133 |       ||   159
       Plate armour      |       |       |    79 |    47 ||   126
Dodge: Dodged            |    41 |    76 |   121 |    30 ||   268
Block: Shield            |    56 |   126 |   249 |    51 ||   482
       Rpst.: Long sword |     9 |    24 |    38 |     6 ||    77

Table legend:
 A = Spawn XP
 B = Non-spawn XP
 C = Spawn XP percentage of total XP
 D = Spawn monster count
 E = Non-spawn monster count
 F = Spawn count percentage of total count
 G = Total turns spent on level
                    A         B        C        D         E        F      G
               +---------+---------+-------+---------+---------+-------+---------
         Total |       0 |    6436 |   0.0 |       0 |     186 |   0.0 |  6955
               +---------+---------+-------+---------+---------+-------+---------
           D:1 |       0 |      26 |   0.0 |       0 |      16 |   0.0 |   904
           D:2 |       0 |     124 |   0.0 |       0 |      32 |   0.0 |   847
           D:3 |       0 |     198 |   0.0 |       0 |      32 |   0.0 |   540
           D:4 |       0 |     303 |   0.0 |       0 |      10 |   0.0 |   604
           D:5 |       0 |     813 |   0.0 |       0 |      18 |   0.0 |  1065
           D:6 |       0 |    1263 |   0.0 |       0 |      22 |   0.0 |  1206
           D:7 |       0 |    1464 |   0.0 |       0 |      26 |   0.0 |   975
           D:8 |       0 |    1873 |   0.0 |       0 |      14 |   0.0 |   349
       Ossuary |       0 |     372 |   0.0 |       0 |      16 |   0.0 |   417
               +---------+---------+-------+---------+---------+-------+---------
